 Dungeon Crawl Stone Soup version 0.28.0-53-g5a82cb258f (webtiles) character file.

Game seed: 14332732141649901028

107 safid the Shield-Bearer (level 4, -1/40 HPs)
             Began as a Hill Orc Fighter on Aug 2, 2022.
             Was a Believer of Makhleb.
             Killed by nerve-wracking pain
             ... invoked by Grinder
              (13 damage)
             ... on level 3 of the Dungeon.
             The game lasted 00:03:05 (2135 turns).

safid the Shield-Bearer (Hill Orc Fighter)          Turns: 2135, Time: 00:03:06

Health: -1/40      AC:  9    Str: 20    XL:     4   Next: 86%
Magic:  4/4        EV:  8    Int:  8    God:    Makhleb [**....]
Gold:   123        SH:  8    Dex: 10    Spells: 3/3 levels left

rFire   . . .      SeeInvis .   a - +0 war axe
rCold   . . .      Faith    .   e - +0 kite shield
rNeg    . . .      Spirit   .   b - +0 scale mail
rPois   .          Reflect  .   m - +0 helmet
rElec   .          Harm     .   o - +0 cloak
rCorr   .          Rampage  .   (no gloves)
Will    .....                   (no boots)
Stlth   ..........              (no amulet)
HPRegen 0.13/turn               (no ring)
MPRegen 0.09/turn               (no ring)

@: slowed, very slow
A: no striking features
a: Renounce Religion, Convert to Beogh, Minor Destruction


You were on level 3 of the Dungeon.
You worshipped Makhleb.
Makhleb was pleased with you.
You visited 1 branch of the dungeon, and saw 3 of its levels.

You collected 123 gold pieces.

Inventory:

Hand Weapons
 a - a +0 war axe (weapon)
Missiles
 f - 5 boomerangs (quivered)
Armour
 b - a +0 scale mail (worn)
 e - a +0 kite shield (worn)
 m - a +0 helmet (worn)
 o - a +0 cloak (worn)
Scrolls
 c - a scroll of immolation {unknown}
 h - a scroll of enchant weapon {unknown}
 j - a scroll of vulnerability {unknown}
 k - 2 scrolls of teleportation {unknown}
 l - a scroll of blinking {unknown}
 n - a scroll of holy word {unknown}
Potions
 d - 2 potions of might
 g - a potion of lignification {unknown}
 i - 2 potions of resistance {unknown}
 p - a potion of curing {unknown}


   Skills:
 - Level 4.0 Fighting
 + Level 4.3 Axes
 - Level 4.0 Armour
 + Level 4.4 Shields


You had 3 spell levels left.
You didn't know any spells.
Your spell library was empty.

Dungeon Overview and Level Annotations

Branches:
Dungeon (3/15)

Altars:
Elyvilon
Makhleb
Zin
The Shining One

Annotations:
D:3 Grinder


Message History

Unknown command.
Unknown command.
Unknown command.
Unknown command.
You slash the rat!
You kill the rat!
Makhleb accepts your kill.
You feel better.
Grinder blinks!
Unknown command.
You slash Natasha!
Natasha is severely wounded.
Natasha claws you.
Natasha mumbles some strange words.
Unknown command.
You hit Natasha but do no damage.
Natasha is severely wounded.
Natasha casts a spell at you.
You feel yourself slow down.
Unknown command.
You hit Natasha.
Natasha is severely wounded.
Natasha claws you but does no damage. Natasha barely misses you.
Unknown command.
You slash Natasha!
You kill Natasha!
Makhleb accepts your kill.
Natasha growls in agony!
The orc priest shouts, "Join the one true god or die!"
Grinder says, "There's only one good use for a tongue: cutting it out."
Grinder blinks!
Grinder gestures at you. Pain shoots through your body!
* * * LOW HITPOINT WARNING * * *
The orc priest calls down the wrath of Beogh upon you.
You barely resist.
Unknown command.
You closely miss the orc priest. You block the orc priest's attack.
Grinder gestures at you. Pain shoots through your body!
You die...

.######.##.#.#
### o. #.##.#.#
#.. #< #.##.#.#
#.# #. #.##.#.#
#. #####.##.#.#
.# #h
#.....##.#.. ..
#. #.######....
#
#.#.##.########
#..go@.5...#
#.#ยง##.###.#
#5 #.# #. #.#
#) #.# .. ..#
#. .## .. .


You could see Grinder, an orc priest and a goblin.

Vanquished Creatures
  Natasha (twice) (D:3)
  A worm (D:2)
  2 dart slugs (D:3)
  7 endoplasms
  3 hobgoblins
  3 jackals (D:2)
  9 kobolds
  2 quokkas
  5 ball pythons
  4 bats
  6 frilled lizards
  3 goblins
  5 rats
52 creatures vanquished.

Notes
Turn   | Place    | Note
-------+----------+-------------------------------------------
     0 | D:1      | safid the Hill Orc Fighter began the quest for the Orb.
     0 | D:1      | Reached XP level 1. HP: 19/19 MP: 1/1
   210 | D:1      | Found a faded altar of an unknown god.
   214 | D:1      | Prayed at the altar of an unknown god.
   214 | D:1      | Became a worshipper of Makhleb the Destroyer
   214 | D:1      | Reached * piety under Makhleb
   248 | D:1      | Reached XP level 2. HP: 26/27 MP: 2/2
   722 | D:1      | Reached XP level 3. HP: 33/33 MP: 3/3
   968 | D:2      | Reached ** piety under Makhleb
  1636 | D:3      | Noticed Natasha
  1645 | D:3      | Killed Natasha
  1646 | D:3      | Reached XP level 4. HP: 22/40 MP: 4/4
  1923 | D:3      | Found a glowing golden altar of the Shining One.
  1992 | D:3      | Found a white marble altar of Elyvilon.
  1993 | D:3      | Found a glowing silver altar of Zin.
  2119 | D:3      | Noticed Grinder
  2124 | D:3      | Paralysed by Grinder for 5 turns
  2125 | D:3      | Noticed Natasha
  2134 | D:3      | Killed Natasha
  2135 | D:3      | Killed from afar by Grinder

Illustrated notes

Levels and vault maps discovered:
D:1:      dpeg_arrival_simpleton_c, layout_basic,
          shapermc_ecumenical_altar_venn, st_stairs_8, roderic_serpentine_path,
          kennysheep_another_room
D:2:      layout_basic, st_stairs_14, chequers_serial_rivers_micro_a
D:3:      layout_loops_ring, good_gods_temple_1, mainiacjoe_overflow_alcove_1,
          lemuel_doored_altar, uniq_natasha, uniq_grinder, uniq_jessica,
          uniq_crazy_yiuf_cottage

Skill      XL: |  1  2  3  4 |
---------------+-------------+-----
Axes           | 3 4 |  4.3
Fighting       | 4 |  4.0
Armour         | 4 |  4.0
Shields        | 4 |  4.4

Action                   |  1- 3 |  4- 6 || total
-------------------------+-------+-------++-------
Melee: War axe           |    93 |    46 ||   139
Throw: Boomerang         |       |     1 ||     1
Armor: Scale mail        |    30 |    28 ||    58
Dodge: Dodged            |    34 |    20 ||    54
Block: Kite shield       |    42 |    21 ||    63
